Map: Moonlight Madness LE (Void)

Players

wabbajack - Winner!

  • Race: Zerg Zerg
  • League: Gold

SnickleFritz

  • Race: Protoss Protoss
  • League: Silver

VOD

Have the link to the VOD?

Description

Time

  • Played on: July 19, 2015, 1:17 p.m.
  • Length: 4:21
Show
View Real Time Build Order
Export as new Build Order

wabbajack Zerg - Winner!

Build Orders: Pool First 

Get SALT Encoding   

  12  0:01  Drone  
  13  0:13  Overlord  
  13  0:18  Drone  
  14  0:29  Drone, Extractor  
  14  0:33  Drone  
  16  0:44  Spawning Pool  
  16  0:46  Extractor  
  16  0:49  Drone  
  15  0:52  Drone  
  16  1:04  Drone  
  17  1:21  Hatchery  
  16  1:30  Zergling x2  
  17  1:36  Queen  
  19  1:43  Zergling x2  
  19  1:45  Zergling x2  
  21  1:59  Spine Crawler  
  20  2:05  Zergling x2  
  21  2:45  Zergling x2  
  21  2:46  Zergling x6  
  21  2:47  Overlord  
  21  2:49  Metabolic Boost  
  25  2:56  Pneumatized Carapace  
  25  3:08  Baneling Nest  
  24  3:24  Drone  
  24  3:25  Drone x2  
  27  4:03  Drone  
  27  4:04  Drone x2  
  27  4:06  Drone  
  27  4:07  Drone x5  
Show
View Real Time Build Order
Export as new Build Order

SnickleFritz Protoss 

Build Orders:  

Get SALT Encoding   

  12  0:01  Probe  
  13  0:14  Pylon  
  13  0:19  Probe  
  14  0:32  Probe  
  15  0:39  Forge  
  15  0:45  Probe  
  16  0:58  Probe  
  17  1:08  Gateway  
  17  1:10  Probe  
  18  1:35  Pylon  
  18  1:42  Probe (Chrono Boost)  
  19  1:52  Probe (Chrono Boost)  
  20  1:54  Photon Cannon  
  20  1:55  Photon Cannon  
  20  1:57  Pylon  
  20  2:12  Photon Cannon  
  20  2:13  Photon Cannon  
  20  2:25  Pylon  
  19  2:40  Photon Cannon  
  19  2:41  Photon Cannon  
  19  2:45  Nexus  
  19  2:47  Pylon  
  19  2:56  Assimilator  
  19  2:57  Pylon  
  19  3:01  Assimilator  
  19  3:02  Probe (Chrono Boost)  
  20  3:12  Probe (Chrono Boost), Pylon  
  21  3:21  Cybernetics Core  
  21  3:33  Photon Cannon  
  21  3:37  Pylon  
  21  3:46  Photon Cannon  
  21  3:49  Probe (Chrono Boost)  
  22  3:59  Probe (Chrono Boost)  
  23  4:02  Assimilator  
  23  4:04  Probe (Chrono Boost)  
  23  4:07  Assimilator  
  25  4:10  Probe (Chrono Boost)  
Tags
 
Add a new tag
Caveats
  • Supply blocks, unpowered buildings, or Contaminate may cause inaccurate times.
  • Supply counts are checked every 10 seconds.